AoeStats
← yt536390

Arabia

509960385Analyzed
1v1 RM · 4d ago on Sep 28, 2026· 34m 32s· 2 players
Game mode
Random Map
Map size
Tiny (2 player)
Population
200
Speed
Normal
Resources
Standard
Victory
Conquest
Starting age
Dark Age
Ending age
Imperial Age
RankedLock teamsTeams togetherTeam positionsShared explorationLock speedFull tech treeHidden civsTurbo modeCheats
Victory
Defeat
🇨🇳 Magyars · China
1847
+24
🇨🇱 Mapuche · Chile
2048
-24
LLaRLLi
6:33 Loom
8:40 Feudal Age
9:20 Double-Bit Axe
13:34 Fletching
21:41 Castle Age
20:52 Gold Mining
20:54 Horse Collar
21:46 Crossbowman
22:57 Bodkin Arrow
24:30 Wheelbarrow
26:06 Ballistics
34:00 Padded Archer Armor
33:22 Elite Skirmisher
yt536390
5:42 Loom
8:28 Feudal Age
17:49 Wheelbarrow
19:25 Fletching
22:53 Castle Age
22:02 Padded Archer Armor
22:42 Double-Bit Axe
22:54 Crossbowman
23:36 Bodkin Arrow
26:06 Ballistics
26:47 Leather Archer Armor
26:21 Horse Collar
26:55 Bow Saw
32:24 Scale Barding Armor
32:26 Heavy Plow
33:27 Chain Barding Armor
Connection lost

Rejoining the realm…

Still unreachable

The connection could not be restored.

Session expired

The server has moved on; the page needs a fresh start.